AAA EAST
ROCHESTER RED WINGS @ BUFFALO BISONS
08/30/2041
 
TOP OF THE 1ST
Rochester Red Wings batting - Pitching for Buffalo Bisons : RHP Robbie Good
Pitching: RHP Robbie Good
Batting: RHB Chih Chan 0-0: Ball
1-0: Called Strike
1-1: Called Strike
1-2: Strikes out swinging
Batting: RHB Artie Miller 0-0: Swinging Strike
0-1: Ground out 3-1 (Groundball, 34, EV 85.6 MPH)
Batting: LHB Gilberto Macías 0-0: Ball
1-0: Ball
2-0: Ball
3-0: Base on Balls
Batting: LHB Adrián Rocha 0-0: Called Strike
0-1: Foul Ball, location: 2F
0-2: Ball
1-2: Foul Ball, location: 7LMF
1-2: Ball
2-2: Ball
3-2: Base on Balls
Gilberto Macías to second
Batting: RHB Jorge Portillo 0-0: Ball
1-0: Ball
2-0: Called Strike
2-1: Ball
3-1: Fly out, F8 (Flyball, 8RD, EV 104.4 MPH)
Top of the 1st over - 0 runs, 0 hits, 0 errors, 2 left on base; Rochester 0 - Buffalo 0
BOTTOM OF THE 1ST
Buffalo Bisons batting - Pitching for Rochester Red Wings : RHP Chris Anderson
Pitching: RHP Chris Anderson
Batting: LHB Jeremy Young 0-0: Foul Ball, location: 7LMF
0-1: Called Strike
0-2: Ball
1-2: Ball
2-2: Strikes out swinging
Batting: RHB Jeff Jones 0-0: Called Strike
0-1: Fly out, F6 (Popup, 6MS, EV 82.5 MPH)
Batting: SHB Jeremiah Taylor 0-0: Ball
1-0: Swinging Strike
1-1: Foul Ball, location: 23F
1-2: Ball
2-2: Strikes out swinging
Bottom of the 1st over - 0 runs, 0 hits, 0 errors, 0 left on base; Rochester 0 - Buffalo 0
TOP OF THE 2ND
Rochester Red Wings batting - Pitching for Buffalo Bisons : RHP Robbie Good
Batting: SHB Juan Trevino 0-0: Foul Ball, location: 9LMF
0-1: SINGLE (Flyball, 9S, EV 91.3 MPH)
Batting: LHB Bob Phillips 0-0: Ball
1-0: Foul Ball, location: 25F
1-1: Grounds into double play, 4-6-3 (Groundball, 34D, EV 100.0 MPH)
Batting: RHB Phil Jordan 0-0: Called Strike
0-1: Called Strike
0-2: Ball
1-2: TRIPLE (Line Drive, 78XD, EV 105.0 MPH)
Batting: RHB Amelio González 0-0: Ball
1-0: Called Strike
1-1: Foul Ball, location: 7LSF
1-2: Ball
2-2: Fly out, F8 (Line Drive, 89M, EV 90.6 MPH)
Top of the 2nd over - 0 runs, 2 hits, 0 errors, 1 left on base; Rochester 0 - Buffalo 0
BOTTOM OF THE 2ND
Buffalo Bisons batting - Pitching for Rochester Red Wings : RHP Chris Anderson
Batting: SHB Eustachio Tucci 0-0: Ball
1-0: Ball
2-0: Foul Ball, location: 5SF
2-1: Ball
3-1: DOUBLE (Flyball, 8RXD, EV 108.1 MPH)
Batting: RHB José Valadez 0-0: Ball
1-0: DOUBLE (Flyball, 89XD, EV 112.5 MPH)
Eustachio Tucci scores
Batting: RHB Doug Dixon 0-0: Ball
1-0: Sac Bunt to 13 - play at first, batter OUT! 1-4
José Valadez to third
Batting: RHB Raúl Peña 0-0: Ball
1-0: Foul Ball, location: 2F
1-1: Ball
2-1: Ball
3-1: Base on Balls
Batting: RHB Jorge Gutiérrez 0-0: Ball
1-0: Ball
2-0: Ball
3-0: Called Strike
3-1: Fly out, F7 (Flyball, 7LMF, EV 92.5 MPH)
Batting: RHB Sergio Romero 0-0: Called Strike
0-1: Ground out 1-3 (Groundball, 34S, EV 67.5 MPH)
Bottom of the 2nd over - 1 run, 2 hits, 0 errors, 2 left on base; Rochester 0 - Buffalo 1
TOP OF THE 3RD
Rochester Red Wings batting - Pitching for Buffalo Bisons : RHP Robbie Good
Batting: RHB Chih Chan 0-0: Called Strike
0-1: Called Strike
0-2: Strikes out swinging
Batting: RHB Artie Miller 0-0: Ball
1-0: Ball
2-0: Fly out, F8 (Flyball, 78D, EV 106.9 MPH)
Batting: LHB Gilberto Macías 0-0: Called Strike
0-1: Ball
1-1: Swinging Strike
1-2: Ball
2-2: Foul Ball, location: 2F
2-2: Strikes out looking
Top of the 3rd over - 0 runs, 0 hits, 0 errors, 0 left on base; Rochester 0 - Buffalo 1
BOTTOM OF THE 3RD
Buffalo Bisons batting - Pitching for Rochester Red Wings : RHP Chris Anderson
Batting: LHB Jeremy Young 0-0: Ball
1-0: Swinging Strike
1-1: Ball
2-1: Called Strike
2-2: Ground out U3 (Groundball, 3S, EV 87.5 MPH)
Batting: RHB Jeff Jones 0-0: Called Strike
0-1: Ball
1-1: Ball
2-1: Foul Ball, location: 9LMFF
2-2: Ball
3-2: SINGLE (Groundball, 34D, EV 98.8 MPH)
Batting: SHB Jeremiah Taylor 0-0: Fielders Choice at 2nd, 1-6 (Groundball, 34S, EV 74.4 MPH)
Batting: SHB Eustachio Tucci 0-0: Called Strike
0-1: Called Strike
0-2: SINGLE (Groundball, 4MD, EV 100.0 MPH)
Jeremiah Taylor to second
Runner from 2nd tries for 3rd, SAFE, throw by CF made to third
Eustachio Tucci to second
Pinch Runner at 3rd Mike Deal:
Batting: RHB José Valadez 0-0: Foul Ball, location: 2F
0-1: Ball
1-1: SINGLE (Groundball, 6D, EV 101.3 MPH)
Mike Deal scores
Eustachio Tucci to third
Throwing error, E7
Eustachio Tucci scores
José Valadez to second
Batting: RHB Doug Dixon 0-0: Called Strike
0-1: Ball
1-1: Ball
2-1: Ball
3-1: Base on Balls
Batting: RHB Raúl Peña 0-0: Ball
1-0: Called Strike
1-1: Ball
2-1: Called Strike
2-2: Fly out, F9 (Flyball, 89M, EV 98.1 MPH)
Bottom of the 3rd over - 2 runs, 3 hits, 1 error, 2 left on base; Rochester 0 - Buffalo 3
TOP OF THE 4TH
Rochester Red Wings batting - Pitching for Buffalo Bisons : RHP Robbie Good
Now at 1B: Mike Deal
Batting: LHB Adrián Rocha 0-0: Hit by Pitch
Batting: RHB Jorge Portillo 0-0: Called Strike
0-1: Swinging Strike
0-2: Ball
1-2: Ball
2-2: Fly out, F8 (Flyball, 8RS, EV 92.5 MPH)
Batting: SHB Juan Trevino 0-0: Grounds into double play, 4-6-3 (Groundball, 4, EV 83.8 MPH)
Top of the 4th over - 0 runs, 0 hits, 0 errors, 0 left on base; Rochester 0 - Buffalo 3
BOTTOM OF THE 4TH
Buffalo Bisons batting - Pitching for Rochester Red Wings : RHP Chris Anderson
Batting: RHB Jorge Gutiérrez 0-0: Ball
1-0: Swinging Strike
1-1: Foul Ball, location: 2F
1-2: Ball
2-2: Fly out, F3 (Popup, 3S, EV 64.4 MPH)
Batting: RHB Sergio Romero 0-0: Called Strike
0-1: Ball
1-1: Ball
2-1: Foul Ball, location: 9LMFF
2-2: Fly out, F8 (Flyball, 8RD, EV 94.4 MPH)
Batting: LHB Jeremy Young 0-0: Called Strike
0-1: Ball
1-1: Called Strike
1-2: Foul Ball, location: 2F
1-2: Ball
2-2: Ball
3-2: Foul Ball, location: 2F
3-2: Strikes out swinging
Bottom of the 4th over - 0 runs, 0 hits, 0 errors, 0 left on base; Rochester 0 - Buffalo 3
TOP OF THE 5TH
Rochester Red Wings batting - Pitching for Buffalo Bisons : RHP Robbie Good
Batting: LHB Bob Phillips 0-0: Foul Ball, location: 2F
0-1: Ball
1-1: Ball
2-1: Foul Ball, location: 7LDF
2-2: Ground out 4-3 (Groundball, 4, EV 89.4 MPH)
Batting: RHB Phil Jordan 0-0: Ball
1-0: Ball
2-0: Foul Ball, location: 9LDF
2-1: Ball
3-1: Foul Ball, location: 9LMF
3-2: Foul Ball, location: 7LSFF
3-2: DOUBLE (Flyball, 78XD, EV 101.9 MPH)
Batting: RHB Amelio González 0-0: Ground out 4-3 (Groundball, 4, EV 88.1 MPH)
Phil Jordan to third
Batting: RHB Chih Chan 0-0: Ball
1-0: Ground out 3-1 (Groundball, 34, EV 98.8 MPH)
Top of the 5th over - 0 runs, 1 hit, 0 errors, 1 left on base; Rochester 0 - Buffalo 3
BOTTOM OF THE 5TH
Buffalo Bisons batting - Pitching for Rochester Red Wings : RHP Chris Anderson
Batting: RHB Jeff Jones 0-0: Called Strike
0-1: Ground out 6-3 (Groundball, 6, EV 87.5 MPH)
Batting: LHB Mike Deal 0-0: Ball
1-0: Ball
2-0: Fly out, F9 (Flyball, 9, EV 85.6 MPH)
Batting: SHB Eustachio Tucci 0-0: Fly out, F5 (Popup, 5SF, EV 79.4 MPH)
Bottom of the 5th over - 0 runs, 0 hits, 0 errors, 0 left on base; Rochester 0 - Buffalo 3
TOP OF THE 6TH
Rochester Red Wings batting - Pitching for Buffalo Bisons : RHP Robbie Good
Batting: RHB Artie Miller 0-0: Called Strike
0-1: Swinging Strike
0-2: Foul Ball, location: 5DF
0-2: Ball
1-2: Ball
2-2: Ball
3-2: Foul Ball, location: 5FF
3-2: Foul Ball, location: 3SF
3-2: Fly out, F5 (Line Drive, 56, EV 70.6 MPH)
Batting: LHB Gilberto Macías 0-0: Ball
1-0: Ground out 1-3 (Groundball, P, EV 72.5 MPH)
Batting: LHB Adrián Rocha 0-0: Swinging Strike
0-1: Ball
1-1: Ball
2-1: Ground out 4-3 (Groundball, 4, EV 101.3 MPH)
Top of the 6th over - 0 runs, 0 hits, 0 errors, 0 left on base; Rochester 0 - Buffalo 3
BOTTOM OF THE 6TH
Buffalo Bisons batting - Pitching for Rochester Red Wings : RHP Chris Anderson
Batting: RHB José Valadez 0-0: Ball
1-0: Swinging Strike
1-1: Swinging Strike
1-2: Foul Ball, location: 23F
1-2: Ball
2-2: Foul Ball, location: 7LSF
2-2: Foul Ball, location: 2F
2-2: Foul Ball, location: 9LMF
2-2: Ball
3-2: Fly out, F2 (Popup, 3SF, EV 75.0 MPH)
Batting: RHB Doug Dixon 0-0: Ball
1-0: Ball
2-0: Ball
3-0: Called Strike
3-1: Foul Ball, location: 5FF
3-2: SINGLE (Flyball, 78S, EV 92.5 MPH)
Pitching: RHP Axel Maldini
Batting: RHB Raúl Peña 0-0: Ball
1-0: Foul Ball, location: 25F
1-1: Ball
2-1: Called Strike
2-2: Strikes out swinging
Batting: RHB Jorge Gutiérrez 0-0: Ball
1-0: Ball
2-0: Foul Ball, location: 7LDF
2-1: Foul Ball, location: 3FF
2-2: Foul Ball, location: 2F
2-2: Strikes out swinging
Bottom of the 6th over - 0 runs, 1 hit, 0 errors, 1 left on base; Rochester 0 - Buffalo 3
TOP OF THE 7TH
Rochester Red Wings batting - Pitching for Buffalo Bisons : RHP Robbie Good
Batting: RHB Jorge Portillo 0-0: Ball
1-0: Called Strike
1-1: Foul Ball, location: 5FF
1-2: Ground out 4-3 (Groundball, 4S, EV 84.4 MPH)
Batting: SHB Juan Trevino 0-0: Ball
1-0: Ball
2-0: Ball
3-0: Called Strike
3-1: Base on Balls
Batting: LHB Bob Phillips 0-0: Foul Ball, location: 2F
0-1: Hit by Pitch
Juan Trevino to second
Batting: RHB Phil Jordan 0-0: Ball
1-0: Swinging Strike
1-1: Fly out, F9 (Flyball, 9D, EV 108.1 MPH)
Pitching: RHP Raúl Guardado
Batting: RHB Amelio González 0-0: Fly out, F4 (Popup, 4, EV 77.5 MPH)
Top of the 7th over - 0 runs, 0 hits, 0 errors, 2 left on base; Rochester 0 - Buffalo 3
BOTTOM OF THE 7TH
Buffalo Bisons batting - Pitching for Rochester Red Wings : RHP Axel Maldini
Batting: RHB Sergio Romero 0-0: Swinging Strike
0-1: Called Strike
0-2: Strikes out swinging
Batting: LHB Jeremy Young 0-0: Ball
1-0: Foul Ball, location: 25F
1-1: Foul Ball, location: 2F
1-2: Strikes out looking
Batting: RHB Jeff Jones 0-0: Foul Ball, location: 2F
0-1: Called Strike
0-2: Ball
1-2: Foul Ball, location: 9LMF
1-2: Foul Ball, location: 5F
1-2: Foul Ball, location: 2F
1-2: Strikes out swinging
Bottom of the 7th over - 0 runs, 0 hits, 0 errors, 0 left on base; Rochester 0 - Buffalo 3
TOP OF THE 8TH
Rochester Red Wings batting - Pitching for Buffalo Bisons : RHP Raúl Guardado
Batting: RHB Chih Chan 0-0: Foul Ball, location: 2F
0-1: Foul Ball, location: 3DF
0-2: Ball
1-2: Ball
2-2: Foul Ball, location: 23F
2-2: Foul Ball, location: 2F
2-2: Foul Ball, location: 2F
2-2: Strikes out swinging
Batting: RHB Artie Miller 0-0: Called Strike
0-1: Ball
1-1: Foul Ball, location: 5SF
1-2: Fly out, F3 (Popup, 3SF, EV 71.3 MPH)
Batting: LHB Gilberto Macías 0-0: Ball
1-0: Foul Ball, location: 7LMF
1-1: SINGLE (Groundball, 34D, EV 108.1 MPH)
Batting: LHB Adrián Rocha 0-0: Ball
1-0: 2-RUN HOME RUN (Flyball, 89XD, EV 105.6 MPH), Distance : 414 ft
Batting: RHB Jorge Portillo 0-0: Called Strike
0-1: Ball
1-1: Called Strike
1-2: Ball
2-2: Foul Ball, location: 3DF
2-2: Ball
3-2: Strikes out swinging
Top of the 8th over - 2 runs, 2 hits, 0 errors, 0 left on base; Rochester 2 - Buffalo 3
BOTTOM OF THE 8TH
Buffalo Bisons batting - Pitching for Rochester Red Wings : RHP Axel Maldini
Batting: LHB Mike Deal 0-0: Called Strike
0-1: Swinging Strike
0-2: Foul Ball, location: 7LMF
0-2: Strikes out swinging
Batting: SHB Eustachio Tucci 0-0: Foul Ball, location: 2F
0-1: Ball
1-1: Ball
2-1: Ball
3-1: Foul Ball, location: 2F
3-2: Base on Balls
Batting: RHB José Valadez 0-0: Called Strike
0-1: Ball
1-1: Swinging Strike
1-2: Ball
2-2: Foul Ball, location: 2F
2-2: Strikes out swinging
Batting: RHB Doug Dixon 0-0: Ball
1-0: Ball
2-0: Called Strike
2-1: Ball
3-1: Fly out, F8 (Line Drive, 8RD, EV 103.1 MPH)
Bottom of the 8th over - 0 runs, 0 hits, 0 errors, 1 left on base; Rochester 2 - Buffalo 3
TOP OF THE 9TH
Rochester Red Wings batting - Pitching for Buffalo Bisons : RHP Raúl Guardado
Pitching: RHP Anastasio González
Batting: SHB Juan Trevino 0-0: Foul Ball, location: 3FF
0-1: Foul Ball, location: 7LMF
0-2: Ball
1-2: SINGLE (Line Drive, 56D, EV 100.0 MPH)
Batting: LHB Bob Phillips 0-0: Called Strike
0-1: Foul Ball, location: 2F
0-2: Ball
1-2: Strikes out swinging
Pinch Hitting: LHB Cal Brown 0-0: Ball
1-0: Grounds into double play, 6-4-3 (Groundball, 56, EV 106.3 MPH)
Top of the 9th over - 0 runs, 1 hit, 0 errors, 0 left on base; Rochester 2 - Buffalo 3
Monday, April 1st , 2024 - OOTP Baseball 24.10 Build 82